AoeStats
← Tanana

Coastal Forest

503202664Analyzed
4v4 RM · 1mo ago on Aug 30, 2026· 60m 11s· 8 players
Game mode
Random Map
Map size
Large (8 player)
Population
200
Speed
Normal
Resources
Standard
Victory
Conquest
Starting age
Dark Age
Ending age
Imperial Age
RankedLock teamsTeams togetherTeam positionsShared explorationLock speedFull tech treeHidden civsTurbo modeCheats
Victory
Defeat
🇩🇪 Berbers · Germany
1363
+11
🇩🇪 Ethiopians · Germany
1334
+13
🇩🇪 Magyars · Germany
1334
+13
🇩🇪 Koreans · Germany
1329
+13
🇩🇪 Byzantines · Germany
1330
-16
🇲🇩 Teutons · Moldova
1261
-12
🇨🇭 Persians · Switzerland
1230
-11
🇪🇸 Japanese · Spain
1223
-11
potrero
11:29 Feudal Age
10:07 Loom
12:53 Wheelbarrow
12:00 Horse Collar
12:13 Stone Mining
12:11 Double-Bit Axe
16:32 Fletching
16:29 Town Watch
21:41 Castle Age
22:37 Hand Cart
22:24 Heavy Plow
22:37 Bow Saw
23:21 Bodkin Arrow
24:43 Ballistics
25:20 Guard Tower
25:27 Murder Holes
28:28 Yasama
30:25 Masonry
31:55 Gold Mining
33:46 Town Patrol
34:11 Treadmill Crane
39:24 Imperial Age
41:07 Chemistry
40:44 Keep
39:57 Arrowslits
41:12 Chemistry
40:15 Bracer
40:45 Kataparuto
56:15 Scale Mail Armor
56:26 Forging
57:24 Chain Mail Armor
58:25 Iron Casting
57:54 Squires
57:22 Pikeman
57:48 Arson
erenboga3
7:19 Loom
9:23 Feudal Age
11:29 Double-Bit Axe
11:25 Horse Collar
12:27 Wheelbarrow
22:25 Castle Age
21:30 Scale Mail Armor
22:04 Padded Archer Armor
22:20 Forging
22:11 Fletching
22:28 Pikeman
23:24 Leather Archer Armor
22:32 Elite Skirmisher
23:24 Gambesons
23:40 Squires
24:53 Arson
25:12 Bodkin Arrow
26:55 Bow Saw
26:46 Heavy Plow
27:41 Gold Mining
29:37 Leather Archer Armor
30:44 Hand Cart
33:07 Chain Mail Armor
33:28 Iron Casting
39:27 Stone Mining
40:12 Gold Shaft Mining
43:24 Imperial Age
43:07 Stone Shaft Mining
43:01 Ballistics
45:11 Chemistry
44:12 Bracer
44:44 Plate Mail Armor
43:36 Halberdier
46:08 Ring Archer Armor
53:17 Two-Man Saw
Geronimo
6:32 Loom
9:06 Feudal Age
9:43 Double-Bit Axe
13:45 Scale Barding Armor
15:03 Forging
21:25 Castle Age
19:34 Horse Collar
21:41 Bloodlines
22:01 Husbandry
24:49 Chain Barding Armor
25:05 Iron Casting
30:21 Wheelbarrow
38:34 Heavy Plow
56:14 Imperial Age
54:05 Light Cavalry
59:05 Plate Barding Armor
58:23 Fletching
59:18 Caravan
Anchorwall
10:32 Feudal Age
14:19 Castle Age
12:36 Loom
13:27 Horse Collar
14:27 Double-Bit Axe
17:50 Scale Barding Armor
19:44 Bow Saw
22:19 Wheelbarrow
24:21 Chain Barding Armor
25:38 Gold Mining
27:41 Forging
28:39 Bloodlines
35:37 Imperial Age
33:22 Hand Cart
34:18 Forging
36:28 Iron Casting
38:19 Siege Engineers
39:16 Chemistry
38:14 Cavalier
39:30 Plate Barding Armor
39:30 Conscription
40:49 Blast Furnace
41:19 Crenellations
40:51 Fletching
43:07 Bodkin Arrow
54:03 Caravan
57:08 Two-Man Saw
56:39 Ironclad
59:26 Paladin
Tanana
4:20 Loom
11:01 Feudal Age
17:52 Castle Age
16:09 Double-Bit Axe
17:48 Fletching
17:45 Horse Collar
19:17 Bodkin Arrow
20:39 Padded Archer Armor
20:40 Crossbowman
22:00 Bow Saw
23:48 Leather Archer Armor
23:55 Thumb Ring
27:07 Ballistics
36:58 Imperial Age
35:06 Wheelbarrow
37:23 Arbalester
38:04 Bracer
39:32 Chemistry
40:08 Ring Archer Armor
50:34 Elite Skirmisher
52:18 Capped Ram
53:15 Siege Engineers
53:21 Caravan
54:15 Onager
I still hate Goths
5:51 Loom
8:41 Feudal Age
10:36 Double-Bit Axe
12:52 Horse Collar
17:18 Scale Barding Armor
24:11 Castle Age
22:56 Bloodlines
25:14 Chain Barding Armor
24:56 Husbandry
27:18 Fletching
31:54 Light Cavalry
35:52 Wheelbarrow
36:48 Gold Mining
40:09 Imperial Age
41:27 Hand Cart
41:50 Plate Barding Armor
41:05 Cavalier
43:45 Paladin
46:09 Conscription
50:30 Caravan
54:54 Hussar
60:28 Bow Saw
Fürst Zono
5:52 Loom
9:07 Feudal Age
10:57 Wheelbarrow
12:19 Fletching
17:02 Double-Bit Axe
23:46 Castle Age
22:07 Horse Collar
23:19 Padded Archer Armor
24:31 Bodkin Arrow
23:57 Crossbowman
25:18 Bow Saw
29:23 Hand Cart
29:22 Town Watch
29:56 Heavy Plow
31:31 Thumb Ring
32:11 Bloodlines
32:52 Leather Archer Armor
32:41 Gold Mining
38:31 Imperial Age
37:29 Coinage
38:15 Ballistics
38:06 Masonry
39:19 Bracer
40:21 Chemistry
38:54 Elite Camel Archer
40:07 Conscription
40:26 Husbandry
41:10 Maghrebi Camels
42:54 Gold Shaft Mining
42:09 Stone Mining
43:31 Banking
45:10 Siege Engineers
44:47 Treadmill Crane
50:54 Ring Archer Armor
50:32 Scale Barding Armor
50:37 Forging
53:31 Chain Barding Armor
53:47 Iron Casting
55:38 Caravan
57:06 Plate Barding Armor
57:32 Blast Furnace
58:59 Light Cavalry
I still love Koreans
8:04 Loom
9:49 Feudal Age
14:15 Castle Age
13:17 Double-Bit Axe
14:05 Horse Collar
18:38 Gambesons
21:43 Scale Mail Armor
23:14 Squires
23:35 Town Watch
24:47 Chain Mail Armor
25:13 Forging
27:34 Wheelbarrow
28:44 Iron Casting
28:54 Hand Cart
28:31 Arson
31:08 Bow Saw
33:50 Imperial Age
32:46 Fletching
33:29 Bodkin Arrow
34:44 Ballistics
33:54 Elite Fire Lancer
35:24 Plate Mail Armor
34:47 Arrowslits
35:43 Bracer
35:58 Eupseong
37:07 Conscription
36:47 Eupseong
38:18 Chemistry
38:41 Siege Engineers
41:14 Two-Man Saw
39:37 Pikeman
41:58 Heavy Plow
41:58 Halberdier
43:18 Masonry
46:57 Murder Holes
48:28 Architecture
49:29 Caravan
50:56 Capped Ram
51:44 Treadmill Crane
Connection lost

Rejoining the realm…

Still unreachable

The connection could not be restored.

Session expired

The server has moved on; the page needs a fresh start.